Map: Frost LE

Players

Andrew - Winner!

  • Race: Terran Terran
  • League: Diamond
  • Spawn Location: 5:00

Fropez

  • Race: Protoss Protoss
  • League: Gold
  • Spawn Location: 1:00

VOD

Have the link to the VOD?

Description

Time

  • Played on: Nov. 15, 2016, 12:37 p.m.
  • Length: 6:04
Show
View Real Time Build Order
Export as new Build Order

Andrew Terran - Winner!

Build Orders: Reaper Expand 

Get SALT Encoding   

  12  0:01  SCV  
  13  0:13  SCV  
  14  0:19  Supply Depot  
  14  0:25  SCV  
  15  0:40  SCV  
  16  0:43  Barracks  
  16  0:47  Refinery  
  16  0:53  SCV  
  17  1:05  SCV  
  18  1:17  SCV  
  19  1:32  Orbital Command, Reaper  
  20  1:43  Command Center  
  20  1:58  SCV  
  20  2:00  Barracks  
  21  2:05  Barracks Reactor  
  21  2:10  SCV  
  22  2:19  Supply Depot  
  22  2:20  Refinery  
  22  2:22  SCV  
  23  2:39  Factory  
  23  2:40  SCV  
  23  2:42  Marine x2  
  26  2:52  SCV  
  26  2:54  Barracks Tech Lab  
  26  2:56  Orbital Command  
  27  3:03  Marine x2  
  27  3:04  SCV  
  30  3:12  Orbital Command  
  30  3:13  Marine  
  30  3:15  Stimpack  
  30  3:16  SCV  
  32  3:24  Marine x2  
  34  3:28  SCV  
  34  3:35  Factory Reactor  
  34  3:36  Marine, Starport  
  34  3:38  SCV  
  36  3:42  Marine  
  36  3:43  Marine  
  38  3:49  Supply Depot  
  37  3:58  SCV x2  
  37  3:59  Marine  
  37  4:00  Marine  
  41  4:03  Marine  
  41  4:04  Supply Depot  
  41  4:05  Supply Depot  
  42  4:10  SCV x2  
  44  4:20  Marine x2  
  46  4:26  Marine, SCV x2, Medivac x2  
  46  4:29  Supply Depot  
  53  4:38  Marine x2, SCV x2  
  56  4:39  Refinery, Liberator  
  56  4:43  Marine  
  58  4:46  Engineering Bay  
  58  4:50  SCV x2  
  58  4:51  Supply Depot  
  60  4:56  Marine  
  64  5:04  SCV  
  61  5:07  Marine x2  
  61  5:08  SCV  
  60  5:14  Marine  
  60  5:16  SCV  
  60  5:21  SCV  
  63  5:25  Marine x2  
  64  5:29  SCV  
  64  5:31  Missile Turret  
  64  5:33  SCV, Missile Turret  
  60  5:50  Command Center  
Show
View Real Time Build Order
Export as new Build Order

Fropez Protoss 

Build Orders:  

Get SALT Encoding   

  12  0:02  Probe (Chrono Boost)  
  13  0:12  Probe (Chrono Boost)  
  14  0:17  Pylon  
  14  0:26  Probe (Chrono Boost)  
  15  0:37  Probe (Chrono Boost)  
  15  0:40  Gateway  
  16  0:48  Assimilator  
  16  0:49  Probe (Chrono Boost)  
  17  1:00  Probe (Chrono Boost)  
  18  1:10  Probe (Chrono Boost)  
  19  1:11  Pylon  
  19  1:19  Assimilator  
  19  1:21  Probe (Chrono Boost)  
  19  1:25  Gateway  
  20  1:31  Probe (Chrono Boost)  
  21  1:39  Gateway  
  21  1:42  Probe (Chrono Boost)  
  23  1:54  Probe (Chrono Boost)  
  23  2:04  Probe (Chrono Boost)  
  24  2:14  Pylon  
  24  2:16  Probe (Chrono Boost)  
  25  2:32  Cybernetics Core  
  25  2:34  Zealot (Chrono Boost)  
  27  2:42  Zealot (Chrono Boost)  
  27  2:43  Zealot (Chrono Boost)  
  31  2:54  Pylon  
  31  2:56  Pylon  
  31  3:12  Mothership Core (Chrono Boost)  
  32  3:35  Probe (Chrono Boost)  
  32  3:40  Stalker x2, Warp Gate (Chrono Boost)  
  37  3:41  Stalker  
  39  3:49  Probe (Chrono Boost)  
  39  3:52  Nexus  
  40  4:00  Probe (Chrono Boost)  
  41  4:07  Twilight Council  
  41  4:12  Pylon, Probe  
  42  4:20  Adept  
  42  4:23  Adept  
  46  4:31  Pylon  
  46  4:43  Probe  
  47  4:55  Probe  
  47  4:58  Pylon  
  47  4:59  Assimilator  
  48  5:02  Assimilator  
  48  5:07  Probe  
  48  5:13  Probe  
  44  5:21  Probe  
  41  5:30  Probe  
  42  5:37  Forge  
Tags
 
Matchup
PvT
Replay Pack
All Mines
Spawn Locations
Close Positions
Add a new tag
Caveats
  • Supply blocks, unpowered buildings, or Contaminate may cause inaccurate times.
  • Supply counts are checked every 10 seconds.